 Dungeon Crawl Stone Soup version 0.28.0-43-g3370ac3207 (webtiles) character file.

Game seed: 12464363066569969291

58 fragbeetle the Changer (level 3, -10/28 HPs)
             Began as a Draconian Transmuter on Mar 9, 2022.
             Mangled by Sigmund
             ... wielding a +0 scythe
              (12 damage)
             ... on level 2 of the Dungeon.
             The game lasted 00:01:37 (1564 turns).

fragbeetle the Changer (Draconian Transmuter)       Turns: 1564, Time: 00:01:37

Health: -10/28     AC:  5    Str: 14    XL:     3   Next: 76%
Magic:  6/6        EV: 12    Int: 13    God:
Gold:   54         SH:  0    Dex: 11    Spells: 2/6 levels left

rFire   . . .      SeeInvis +   f - +0 dagger (venom)
rCold   . . .      Faith    .   (no shield)
rNeg    . . .      Spirit   .   (armour unavailable)
rPois   .          Reflect  .   (helmet restricted)
rElec   .          Harm     .   (no cloak)
rCorr   .          Rampage  .   (no gloves)
Will    .....                   (no boots)
Stlth   +.........              (no amulet)
HPRegen 0.09/turn               a - ring of see invisible
MPRegen 0.10/turn               (no ring)

@: slowed, very slow
A: AC +5, unfitting armour, cold-blooded
a: no special abilities


You were on level 2 of the Dungeon.
You visited 1 branch of the dungeon, and saw 2 of its levels.

You collected 54 gold pieces.

Inventory:

Hand Weapons
 f - a +0 dagger of venom (weapon)
Jewellery
 a - a ring of see invisible (left hand)
Scrolls
 c - a scroll of vulnerability {unknown}
 d - a scroll of blinking {unknown}
Potions
 b - a potion of haste {unknown}
 e - a potion of degeneration {unknown}
 g - a potion of curing {unknown}


   Skills:
 - Level 1.1 Fighting
 - Level 1.7 Dodging
 - Level 3.0 Unarmed Combat
 - Level 2.0 Spellcasting
 + Level 4.2 Transmutations


You had 2 spell levels left.
You knew the following spells:

 Your Spells              Type           Power      Damage    Failure   Level
a - Beastly Appendage     Tmut           24%        N/A       4%          1
b - Spider Form           Tmut/Pois      6%         N/A       32%         3

Your spell library contained the following spells:

 Spells                   Type           Power      Damage    Failure   Level
 Wereblood                Tmut           12%        N/A       7%          2
 Ice Form                 Ice/Tmut       6%         N/A       71%         4


Dungeon Overview and Level Annotations

Branches:
Dungeon (2/15)

Altars:

Annotations:
D:2 Sigmund


Innate Abilities, Weirdness & Mutations

Your plain brown scales are hard. (AC +5)
You cannot fit into any form of body armour.
You are cold-blooded and may be slowed by cold attacks.


Message History

Sigmund casts a spell at you. The puff of flame hits you.
Unknown command.
The bat hits you but does no damage.
Sigmund mumbles some strange words.
Sigmund flickers and vanishes for a moment.
Unknown command.
You bump into the rock wall.
The bat hits you but does no damage. Sigmund closely misses you.
Unknown command.
The bat barely misses you.
You feel less confused. The bat barely misses you.
Sigmund points at you and mumbles some strange words.
You are confused.
The bat barely misses you. The bat hits you but does no damage.
You're too confused to move!
The bat completely misses you. The bat barely misses you.
The bat hits you but does no damage. The bat barely misses you.
The endoplasm misses you. Sigmund misses you.
You feel less confused. The bat completely misses you.
The endoplasm hits you but does no damage.
Sigmund hits you with a +0 scythe.
You hit Sigmund but do no damage.
Sigmund is poisoned.
The bat hits you but does no damage. The endoplasm hits you.
Unknown command.
You barely miss Sigmund.
Sigmund is lightly wounded.
The bat hits you but does no damage. The endoplasm barely misses you.
Sigmund hits you with a +0 scythe.
* * * LOW HITPOINT WARNING * * *
Unknown command.
The endoplasm freezes you.
You are frozen.
* * * LOW HITPOINT WARNING * * *
You feel yourself slow down.
Sigmund hits you from afar with a +0 scythe!
You die...

#...# .# #..## #...#
###.....#.... #...#
#.......#.###
#...#####.#..........
#####.........#..........
..............##..#.##...
............†.##[.#......
........b...)........#...
#####..J@.....(†....##...
#.@.########.........
###...### #.†.....##
#.......# #.#######
#.#...#.# #......#
#.##...... ######.# #
####.#.# #.# ..#.# #.###
... . #....


You could see Sigmund (invisible, very poisoned), an endoplasm and a bat.

Vanquished Creatures
  An iguana (D:2)
  A worm (D:2)
  3 endoplasms (D:1)
  A giant cockroach (D:2)
  4 goblins (D:1)
  5 hobgoblins
  2 quokkas (D:1)
  3 ball pythons (D:1)
  4 bats
  A frilled lizard (D:1)
  3 kobolds
28 creatures vanquished.

Notes
Turn   | Place    | Note
-------+----------+-------------------------------------------
     0 | D:1      | fragbeetle the Draconian Transmuter began the quest for the
                  | Orb.
     0 | D:1      | Reached XP level 1. HP: 16/16 MP: 3/3
   361 | D:1      | Reached XP level 2. HP: 23/23 MP: 3/5
   484 | D:1      | Reached skill level 3 in Transmutations
  1249 | D:2      | Reached XP level 3. HP: 11/28 MP: 4/6
  1253 | D:2      | Learned a level 3 spell: Spider Form
  1444 | D:2      | Reached skill level 4 in Transmutations
  1548 | D:2      | Noticed Sigmund
  1564 | D:2      | Mangled by Sigmund

Illustrated notes

Levels and vault maps discovered:
D:1:      psy_arrival_dodecagon, layout_basic, kennysheep_decorative_pillar
D:2:      layout_loops_cross, minivault_25, uniq_sigmund, uniq_robin

Skill      XL: |  1  2  3 |
---------------+----------+-----
Transmutations | 3 4 |  4.2
Fighting       | |  1.1
Dodging        | |  1.7
Unarmed Combat | |  3.0
Spellcasting   | |  2.0

Action                   || total
-------------------------++-------
Melee: Unarmed           ||    37
       Kick              ||    19
       Tailslap          ||    11
       Dagger            ||    41
       Headbutt          ||     9
       Punch             ||     1
 Cast: Beastly Appendage ||    21
Armor: Skin              ||    40
Dodge: Dodged            ||    69
